 Dungeon Crawl Stone Soup version 0.27-a0-998-g4cfe56dd59 (webtiles) character file.

Game seed: 10078920830983767427

280 robertstho the Shooter (level 6, -3/52 HPs)
             Began as a Minotaur Hunter on Apr 15, 2021.
             Was an Initiate of Okawaru.
             Slain by an ogre
             ... wielding a +0 giant club
              (34 damage)
             ... on level 4 of the Dungeon on Apr 16, 2021.
             The game lasted 00:05:18 (3873 turns).

robertstho the Shooter (Minotaur Hunter)            Turns: 3873, Time: 00:05:19

Health: -3/52      AC:  3    Str: 16    XL:     6   Next: 5%
Magic:  5/5        EV: 12    Int:  8    God:    Okawaru [......]
Gold:   175        SH:  0    Dex: 13    Spells: 5/5 levels left

rFire    . . .     SeeInvis .   a - +1 shortbow
rCold    . . .     Faith    .   (shield currently unavailable)
rNeg     . . .     Spirit   .   c - +0 leather armour
rPois    .         Reflect  .   (helmet restricted)
rElec    .         Harm     .   (no cloak)
rCorr    .         Rampage  .   (no gloves)
Will     .....                  (no boots)
Stlth    +.........             (no amulet)
HPRegen  0.17/turn              (no ring)
MPRegen  0.09/turn              (no ring)

@: no status effects
A: horns 2, retaliatory headbutt
a: Renounce Religion


You were on level 4 of the Dungeon.
You worshipped Okawaru.
Okawaru was noncommittal.
You visited 2 branches of the dungeon, and saw 5 of its levels.

You collected 175 gold pieces.

Inventory:

Hand Weapons
 a - a +1 shortbow (weapon)
 f - a +3 short sword of flaming
Missiles
 j - 10 arrows (quivered ammo)
Armour
 c - a +0 leather armour (worn)
Wands
 o - a wand of iceblast (3)
Scrolls
 b - 2 scrolls of vulnerability {unknown}
 d - a scroll of amnesia {unknown}
 g - a scroll of blinking {unknown}
 i - 8 scrolls of teleportation {unknown}
 k - 3 scrolls of identify {unknown}
 m - 2 scrolls of magic mapping {unknown}
 n - a scroll of immolation {unknown}
 q - a scroll of acquirement {unknown}
Potions
 e - 3 potions of curing {unknown}
 h - 2 potions of degeneration {unknown}
 l - 3 potions of might {unknown}
 p - a potion of heal wounds {unknown}


   Skills:
 * Level 4.2 Fighting
 + Level 1.0 Short Blades
 * Level 6.4 Bows
 + Level 2.1 Armour
 + Level 2.4 Dodging
 + Level 1.2 Stealth
 * Level 0.8 Invocations


You had 5 spell levels left.
You didn't know any spells.
Your spell library contained the following spells:

 Spells                   Type           Power      Damage    Failure   Level
 Animate Skeleton         Necr           0%         N/A       47%         1
 Apportation              Tloc           0%         N/A       47%         1
 Corona                   Hex            0%         N/A       47%         1
 Magic Dart               Conj           0%         1d3       47%         1
 Summon Small Mammal      Summ           0%         N/A       47%         1
 Searing Ray              Conj           0%         3d3       63%         2
 Dazzling Flash           Conj/Hex       0%         N/A       85%         3
 Fulminant Prism          Conj/Hex       0%         3d6       99%         4
 Iskenderun's Mystic Bla  Conj/Tloc      0%         2d3       99%         4


Dungeon Overview and Level Annotations

Branches:
Dungeon (4/15)             Temple (1/1) D:4

Altars:
Ashenzari
Elyvilon
Fedhas
Hepliaklqana
Kikubaaqudgha
Okawaru
Xom
Yredelemnul
Zin
The Shining One

Shops:
D:4 :


Innate Abilities, Weirdness & Mutations

You have a pair of horns on your head.
You reflexively headbutt those who attack you in melee.


Message History

Key pressed, stopping explore.
h - 2 smoky green potions (gained 1)
You open the door.
A scorpion and an ogre come into view.
The ogre moves out of view.
A scorpion is nearby!
A scorpion is nearby!
A scorpion is nearby!
A scorpion is nearby!
A scorpion is nearby!
A scorpion is nearby!
Search for what [? for help]? arro You shoot an arrow.
The arrow completely misses the scorpion.
You shoot an arrow.
The arrow hits the scorpion but does no damage.
You shoot an arrow. The arrow hits the scorpion.
The scorpion is lightly wounded.
You shoot an arrow. The arrow completely misses the ogre.
You shoot an arrow. The arrow barely misses the ogre.
The arrow closely misses the scorpion.
The ogre misses you. You furiously retaliate!
You headbutt the ogre. You shoot an arrow. The arrow hits the ogre.
The ogre is moderately wounded.
You shoot an arrow. The arrow hits the ogre.
The ogre is moderately wounded.
The ogre hits you with a +0 giant club!!
You shoot an arrow. The arrow hits the ogre.
The ogre is moderately wounded.
The ogre closely misses you.
You shoot an arrow. The arrow hits the ogre.
The ogre is heavily wounded.
The ogre completely misses you.
You shoot an arrow. The arrow hits the ogre.
The ogre is heavily wounded.
You shoot an arrow. The arrow hits the ogre.
The ogre is severely wounded.
The ogre hits you with a +0 giant club!!
Ouch! That really hurt!
You die...

..# #.################.....#
#.# #
#.............)........' #.#
#.###..###############.....#
#.# #............ #.....#
#.# ####.#.#####. # #.....#
#.# #......## ##(# #.....#
#.# #.#.....# .((.# #######
#.# #.#..#..#####.....#
#.####.......##.@Os...(#
#....)...#...##.##.....#
#..###.......##.# ....#
#..........#.##.# ...(
##...........##.# .##
................# ..
.#..(........#### #
#.###......## .........>..#


You could see an ogre and a scorpion.

Vanquished Creatures
  A black bear (D:4)
  Ijyb (D:4)
  3 gnolls (D:2)
  6 adders
  2 adder skeletons (D:4)
  A worm (D:1)
  3 dart slugs
  4 endoplasms
  4 giant cockroaches
  3 goblins
  6 hobgoblins
  3 jackals (D:1)
  2 quokkas (D:2)
  6 ball pythons
  5 bats
  4 frilled lizards
  10 kobolds
  9 rats
73 creatures vanquished.

Notes
Turn   | Place    | Note
-------+----------+-------------------------------------------
     0 | D:1      | robertstho the Minotaur Hunter began the quest for the Orb.
     0 | D:1      | Reached XP level 1. HP: 18/18 MP: 0/0
    35 | D:1      | Reached XP level 2. HP: 25/25 MP: 1/1
   551 | D:1      | Reached skill level 5 in Bows
   586 | D:1      | Found a faded altar of an unknown god.
   911 | D:2      | Reached XP level 3. HP: 31/31 MP: 2/2
  1295 | D:2      | Reached XP level 4. HP: 38/38 MP: 3/3
  1436 | D:2      | Reached skill level 6 in Bows
  2407 | D:3      | Reached skill level 1 in Stealth
  2711 | D:3      | Reached XP level 5. HP: 46/46 MP: 4/4
  2910 | D:4      | Noticed Ijyb
  2924 | D:4      | Reached skill level 1 in Armour
  2927 | D:4      | Killed Ijyb
  3138 | D:4      | Found Peefil's Book Emporium.
  3234 | D:4      | Found a staircase to the Ecumenical Temple.
  3253 | Temple   | Entered the Ecumenical Temple
  3268 | Temple   | Became a worshipper of Warmaster Okawaru
  3282 | D:4      | Upgraded the game from 0.27-a0-988-g25969acef8 to
                  | 0.27-a0-998-g4cfe56dd59
  3693 | D:4      | Noticed a black bear
  3709 | D:4      | Killed a black bear
  3710 | D:4      | Reached skill level 1 in Short Blades
  3710 | D:4      | Reached XP level 6. HP: 29/52 MP: 5/5
  3873 | D:4      | Slain by an ogre

Illustrated notes

Levels and vault maps discovered:
D:1:      dpeg_arrival_brainrot, layout_basic,
          hellmonk_ecumenical_altar_heavens_door
D:2:      layout_loops_cross, corexii_leaking_fountain
D:3:      layout_loops_ring
D:4:      layout_basic, minmay_temple_entry_purple_smoke, serial_shops, shop,
          uniq_ijyb
Temple:   nicolae_temple_the_god_donut

Skill      XL: |  1  2  3  4  5 |
---------------+----------------+-----
Fighting       | 3 4 |  4.2
Bows           | 5 6 |  6.4
Stealth        | 1 |  1.2
Armour         | 2 |  2.1
Short Blades   | 1 |  1.0
Dodging        | |  2.4
Invocations    | |  0.8

Action                   |  1- 3 |  4- 6 || total
-------------------------+-------+-------++-------
Melee: Short sword       |     1 |    63 ||    64
       Headbutt          |     1 |     6 ||     7
 Fire: Shortbow          |    57 |    30 ||    87
 Stab: Distracted        |       |     1 ||     1
       Sleeping          |       |     1 ||     1
Armor: Leather armour    |     6 |    13 ||    19
Dodge: Dodged            |    13 |    42 ||    55

Table legend: (Time is in decaauts)
 A = Elapsed time spent in this place.
 B = Non-inter-level travel time spent in this place.
 C = Inter-level travel time spent in this place.
 D = Time resting spent in this place.
 E = Time spent auto-exploring this place.
 F = Levels seen in this place.
 G = Mean time per level.
                   A        B        C        D        E       F      G
               +--------+--------+--------+--------+--------+-----+--------+
         Total |   3881 |   3789 |     92 |    435 |   2924 |   5 |  776.2 |
       Dungeon |   3853 |   3773 |     80 |    435 |   2913 |   4 |  963.2 |
        Temple |     27 |     15 |     12 |      0 |     11 |   1 |   27.0 |
               +--------+--------+--------+--------+--------+-----+--------+

Top non-repeatable levels by time:
     D:1: 1180 daAuts
     D:3: 1050 daAuts
     D:2: 837 daAuts
     D:4: 785 daAuts
  Temple: 27 daAuts
